 Dungeon Crawl Stone Soup version 0.22-a0-542-gce4f928 (webtiles) character file.

40 Amnesiac the Ogre Mage (level 3, -1/35 HPs)
             Began as an Ogre Wizard on June 24, 2018.
             Slain by Robin
             ... wielding a +0 trident of protection
              (2 damage)
             ... on level 2 of the Dungeon.
             The game lasted 00:04:26 (1332 turns).

Amnesiac the Ogre Mage (Ogre Wizard)                Turns: 1332, Time: 00:04:26

Health: -1/35      AC:  3    Str: 14 (16) XL:     3   Next: 50%
Magic:  3/8        EV: 10    Int: 18 (20) God:
Gold:   61         SH:  0    Dex:  6 (7)  Spells: 0/10 levels left

rFire    . . .     SeeInvis .   c - +0 spear
rCold    . . .     Gourm    .   (no shield)
rNeg     . . .     Faith    .   a - +0 robe
rPois    .         Spirit   .   b - +0 hat
rElec    .         Reflect  .   (no cloak)
rCorr    .         Harm     .   (gloves unavailable)
MR       .....                  (boots unavailable)
Stlth    +.........             (no amulet)
HPRegen  0.11/turn              f - ring of flight
MPRegen  0.11/turn              (no ring)

@: mighty
A: large, unfitting armour, tough skin 1
a: Evoke Flight


You were on level 2 of the Dungeon.
You were hungry.

You visited 1 branch of the dungeon, and saw 3 of its levels.

You collected 61 gold pieces.

Inventory:

Hand Weapons
 c - a +0 spear (weapon)
Armour
 a - a +0 robe (worn)
 b - a +0 hat (worn)
Jewellery
 f - a ring of flight (left hand)
Scrolls
 g - a scroll of enchant armour {!r, unknown}
 k - a scroll of identify {!r, unknown}
Potions
 i - a potion of curing {!q}
Comestibles
 d - 3 rations
 l - 5 chunks of flesh


   Skills:
 + Level 2.1 Fighting
 * Level 2.2 Dodging
 - Level 1.4 Stealth
 - Level 4.0 Spellcasting
 + Level 1.6 Conjurations
 - Level 0.8 Summonings
 - Level 0.8 Translocations


You couldn't memorise any spells.
You knew the following spells:

 Your Spells              Type           Power        Failure   Level  Hunger
b - Call Imp              Summ           #.......     16%         2    ##.....
e - Mephitic Cloud        Conj/Pois/Air  #.......     34%         3    ###....
s - Conjure Flame         Conj/Fire      #.......     32%         3    ###....
v - Blink                 Tloc           N/A          16%         2    ##.....

Your spell library contained the following spells:

 Spells                   Type           Power        Failure   Level  Hunger
 Magic Dart               Conj           #...         8%          1    None
 Slow                     Hex            #.......     22%         2    ##.....


Dungeon Overview and Level Annotations

Branches:
Dungeon (3/15)

Altars:
Zin

Annotations:
D:2 Robin


Innate Abilities, Weirdness & Mutations

You are too large for most types of armour.
You have tough skin. (AC +1)


Message History

* * * LOW HITPOINT WARNING * * *
Robin throws the goblin at you!
* * * LOW HITPOINT WARNING * * *
The goblin hits you.
* * * LOW HITPOINT WARNING * * *
Really quaff
e - a golden potion {!q}?
It was a potion of degeneration {!q}.
There was something very wrong with that liquid.
You feel weakened.
You feel dopey.
You feel clumsy. The goblin barely misses you.
A goblin comes into view.
The goblin hits you.
* * * LOW HITPOINT WARNING * * *
Really quaff
h - a glowing grey potion {!q}?
Okay, then.
Really quaff
i - 2 potions of curing {!q}?
You feel better. The goblin hits you with a dagger.
* * * LOW HITPOINT WARNING * * *
The goblin hits you.
* * * LOW HITPOINT WARNING * * *
Really quaff
h - a glowing grey potion {!q}?
It was a potion of cancellation {!q}.
You feel magically purged.
Your magical contamination has completely faded away.
The goblin hits you but does no damage.
Robin roars a battlecry!
The goblins go into a battle-frenzy!
The goblin barely misses you.
Really quaff
j - a fizzy silvery potion {!q}?
It was a potion of might {!q}.
You feel very mighty all of a sudden. The goblin hits you with a dagger.
* * * LOW HITPOINT WARNING * * *
Robin hits you but does no damage. The goblin hits you.
* * * LOW HITPOINT WARNING * * *
Okay, then.
Okay, then.
Attack whom?
Press: ? - help, Dir - move target cursor, f - you, p - Robin That would be overly suicidal.
Okay, then.
Attack whom?
Press: ? - help, Dir - move target cursor, f - goblin
Aim: a goblin (unusually strong)
You closely miss the goblin. The goblin hits you but does no damage.
Robin barely misses you. The goblin hits you but does no damage.
Attack whom?
Press: ? - help, Dir - move target cursor, f/p - goblin
Aim: a goblin (unusually strong)
You puncture the goblin!
You kill the goblin!
The goblin barely misses you. Robin throws the goblin at you!
* * * LOW HITPOINT WARNING * * *
The goblin barely misses you. The goblin hits you but does no damage.
Attack whom?
Press: ? - help, Dir - move target cursor, f - goblin
Aim: a goblin (unusually strong)
You closely miss the goblin. The goblin barely misses you. x2
Attack whom?
Press: ? - help, Dir - move target cursor, f/p - goblin
Aim: a goblin (unusually strong)
You hit the goblin.
You kill the goblin!
Robin hits you from afar with a trident of protection.
You die...

#..# # #..#. ###
#..#. #.. ....
#.# #..# #.#
#..# #.#
#.####..# #.#
#.......# #@#
#.####.######g##
#(.(g((ggg#
########..# #..#
#..# #..# ##.
#.#.###.gggg
#.###...#


You could see Robin, 2 hobgoblins and a goblin.

Vanquished Creatures
  An ooze (D:1)
  A leopard gecko (D:1)
  3 bats
  9 goblins
  5 hobgoblins
  4 kobolds (D:1)
  A frilled lizard (D:1)
  9 rats (D:1)
33 creatures vanquished.

Notes
Turn   | Place    | Note
-------+----------+-------------------------------------------
     0 | D:1      | Amnesiac the Ogre Wizard began the quest for the Orb.
     0 | D:1      | Reached XP level 1. HP: 16/16 MP: 5/5
    12 | D:1      | Reached skill level 1 in Conjurations
    81 | D:1      | Reached skill level 4 in Spellcasting
    81 | D:1      | Reached XP level 2. HP: 24/24 MP: 0/7
   241 | D:1      | Learned a level 2 spell: Blink
   244 | D:1      | Learned a level 2 spell: Call Imp
   352 | D:1      | Reached skill level 1 in Fighting
   633 | D:1      | Reached XP level 3. HP: 35/35 MP: 8/8
  1042 | D:2      | Found a glowing silver altar of Zin.
  1274 | D:2      | Learned a level 3 spell: Conjure Flame
  1278 | D:2      | Learned a level 3 spell: Mephitic Cloud
  1318 | D:2      | Noticed Robin
  1330 | D:2      | HP: 1/35 [Robin/goblin (1)]
  1332 | D:2      | Slain by Robin

Vault maps used:
D:1:      nzn_arrival_settlement, hangedman_decor_clover_reticule,
          kennysheep_boxes
D:2:      makhleb_altar_promises_db, zin_academy, roderic_filled_cross,
          uniq_robin, uniq_crazy_yiuf_cottage

Skill      XL: |  1  2  3 |
---------------+----------+-----
Conjurations   | 1 |  1.6
Spellcasting   | 4 |  4.0
Fighting       | 1 2 |  2.1
Dodging        | 2 |  2.2
Stealth        | |  1.4
Summonings     | |  0.8
Translocations | |  0.8

Action                   || total
-------------------------++-------
Melee: Unarmed           ||     2
       Spear             ||    92
 Cast: Magic Dart        ||    17
       Mephitic Cloud    ||     1
  Use: Scroll            ||     1
       Potion            ||     5
 Stab: Sleeping          ||     2
  Eat: Chunk             ||     1
Armor: Robe              ||    21
Dodge: Dodged            ||    51

Table legend:
 A = Spawn XP
 B = Non-spawn XP
 C = Spawn XP percentage of total XP
 D = Spawn monster count
 E = Non-spawn monster count
 F = Spawn count percentage of total count
 G = Total turns spent on level
                    A         B        C        D         E        F      G
               +---------+---------+-------+---------+---------+-------+---------
         Total |       0 |      58 |   0.0 |       0 |      33 |   0.0 |  1332
               +---------+---------+-------+---------+---------+-------+---------
           D:1 |       0 |      39 |   0.0 |       0 |      23 |   0.0 |  1042
           D:2 |       0 |      19 |   0.0 |       0 |      10 |   0.0 |   230
               +---------+---------+-------+---------+---------+-------+---------
